Maple Leafs vs Islanders

Created - 30 mars 2018 at 16:06

Goals
1 2 3 OT1 T
Maple Leafs 1 0 0 0 1
Islanders 0 1 0 1 2
Shots
1 2 3 OT1 T
Maple Leafs 5 7 6 3 21
Islanders 15 6 10 4 35

1st period

1. Maple Leafs , Morgan Rielly 5 (Nazem Kadri 28, Roman Josi 44) at 18:08 (PP)

Penalties :
Shawn Weller (TOR) for Cross-checking (Minor) at 10:06, Brandon Rogers (TOR) for Interference (Minor) at 14:29, Brent Aubin (NYI) for Cross-checking (Minor) at 16:52

2nd period

2. Islanders , Scott Glennie 20 (Henrik Sedin 47, Mike Lundin 30) at 5:36 (PP)

Penalties :
Kevin Bieksa (NYI) for Roughing (Minor) at 2:00, Nazem Kadri (TOR) for Slashing (Double Minor) at 2:00, Patrik Berglund (NYI) for Goalie Interference (Minor) at 6:11, Michael Del Zotto (TOR) for High sticking (Minor) at 12:01, Michael Del Zotto (TOR) for Hooking (Minor) at 16:30

3rd period

No Goal

Penalties :
Brent Aubin (NYI) for Roughing (Minor) at 17:45

Overtime #1

3. Islanders , Andrew Ladd 17 (Carlo Colaiacovo 16, Henrik Sedin 48) at 3:38

Penalties :
No Penalty

Goalie Stats

Robert Esche (TOR), 33 saves from 35 shots - (0,943), OTL, 7-9-3, 63:39 minutes
Sergei Bobrovsky (NYI), 20 saves from 21 shots - (0,952), W, 28-17-9, 63:39 minutes

Players Stats for Maple Leafs

Player Name              G  A  P  +/- PIM S  H  SB GA TA FO     MP     PP MP  PK MP  
------------------------------------------------------------------------------------
Brandon Rogers           0  0  0   0  2   0  0  1  0  0  0/0    21:01   2:29   3:35 
Brandon Yip              0  0  0   0  0   0  2  0  0  0  0/0    10:47   0:00   0:00 
Chris Phillips           0  0  0   0  0   2  3  1  0  0  0/0    23:13   2:29   5:23 
Mats Zuccarello          0  0  0  -1  0   3  0  0  0  0  1/6    14:07   0:00   0:00 
Michael Del Zotto        0  0  0   0  4   0  2  0  0  0  0/0    15:37   0:00   0:00 
Morgan Rielly            1  0  1  -1  0   1  3  4  0  0  0/0    25:17   2:45   4:30 
Nazem Kadri              0  1  1   0  4   0  2  0  0  0  7/15   15:27   2:45   0:00 
Nick Foligno             0  0  0   0  0   3  2  1  0  0  4/9    23:10   2:45   5:03 
Oleg Kvasha              0  0  0   0  0   0  2  0  0  0  0/3    12:40   0:00   4:16 
Riley Armstrong          0  0  0   0  0   0  0  0  0  0  0/1     8:24   0:00   0:00 
Roman Josi               0  1  1   0  0   2  0  2  0  0  0/0    23:59   2:45   5:31 
Sergei Kostitsyn         0  0  0   0  0   1  0  0  0  0  0/0    12:43   0:00   0:00 
Shawn Weller             0  0  0   0  2   1  3  0  0  0  0/0    13:48   2:29   0:00 
Tanner Pearson           0  0  0  -1  0   4  1  1  0  0  0/1    20:25   2:29   5:03 
Tom Walsh                0  0  0   0  0   0  1  0  0  0  0/0    14:29   0:00   0:07 
Vincent Trocheck         0  0  0   0  0   1  1  0  0  0  12/24  18:35   2:45   4:30 
William Nylander         0  0  0   0  0   1  0  0  0  0  5/18   14:02   2:29   0:00 
Zach Dalpe               0  0  0   0  0   2  3  0  0  0  6/11   11:36   0:00   0:14 

Players Stats for Islanders

Player Name              G  A  P  +/- PIM S  H  SB GA TA FO     MP     PP MP  PK MP  
------------------------------------------------------------------------------------
Andrew Ladd              1  0  1   1  0   7  2  1  0  0  0/1    15:54   0:00   2:12 
Brent Aubin              0  0  0   0  4   0  4  1  0  0  0/0    20:39   4:18   1:10 
Carlo Colaiacovo         0  1  1   1  0   3  0  2  0  0  0/0    21:40   1:03   2:39 
Daniel Tjarnqvist        0  0  0   0  0   0  0  0  0  0  0/0    17:31   0:00   0:00 
Grant Clitsome           0  0  0   0  0   0  2  1  0  0  0/0    21:37   4:23   3:00 
Henrik Sedin             0  2  2   1  0   5  1  0  0  0  14/29  21:33   5:11   0:00 
J.P. Dumont              0  0  0   0  0   4  0  0  0  0  14/22  18:44   4:22   0:00 
Jack Skille              0  0  0   0  0   0  0  0  0  0  1/1    14:09   0:00   3:02 
Janne Lahti              0  0  0   0  0   2  2  0  0  0  0/0     4:46   0:00   0:00 
Kevin Bieksa             0  0  0   0  2   0  1  1  0  0  0/0    22:29   5:15   2:35 
Marian Gaborik           0  0  0   0  0   2  1  0  0  0  1/1    19:03   5:11   0:00 
Michael Ryder            0  0  0   0  0   6  7  0  0  0  3/4    20:13   4:22   0:00 
Mike Lundin              0  1  1   0  0   0  0  3  0  0  0/0    19:40   4:07   1:04 
Patrik Berglund          0  0  0   0  2   1  1  0  0  0  15/17  13:08   0:00   2:02 
Phillip Di Giuseppe      0  0  0   0  0   0  0  0  0  0  0/0     4:46   0:00   0:00 
Scott Glennie            1  0  1   0  0   4  1  0  0  0  0/1    19:03   5:11   0:00 
Tomas Fleischmann        0  0  0   0  0   0  0  1  0  0  4/11    8:04   0:00   2:12 
Wayne Simmonds           0  0  0   0  0   1  0  0  0  0  1/1    20:41   4:22   1:00 

3 Stars

1 - Andrew Ladd (NYI)
2 - Robert Esche (TOR)
3 - Henrik Sedin (NYI)

Power Play

Maple Leafs - 1 on 3 Attempt(s) - 33,33%
Islanders - 1 on 5 Attempt(s) - 20,00%

Penalty Kill

Maple Leafs - 4 on 5 Attempt(s) - 80,00% - Score 0 goal in Penalty Kill
Islanders - 2 on 3 Attempt(s) - 66,67% - Score 0 goal in Penalty Kill

Team Stat

Maple Leafs - Hits : 25 - Faceoff Wins : 35 - Blocked Shots : 10 - Penalty Minutes : 12
Islanders - Hits : 22 - Faceoff Wins : 53 - Blocked Shots : 10 - Penalty Minutes : 8

Official

Referees : Ghislain Hebert and Eric Furlatt
Linesman : Kevin Hastings and Justin Knaggs

Game Notes

No Game Note

Finance

Level 1 -- Attendance: 3300 (60,00%) -- Ticket Income 825 000 $
Level 2 -- Attendance: 2768 (61,51%) -- Ticket Income 346 000 $
Level 3 -- Attendance: 2100 (60,00%) -- Ticket Income 189 000 $
Level 4 -- Attendance: 2100 (60,00%) -- Ticket Income 126 000 $
Luxury Box -- Attendance: 1079 (69,75%) -- Ticket Income 377 650 $
Game was played at the Nassau Veterans Memorial Coliseum.
Total Attendance: 11347 (61,18%)
Total Ticket Income: 1 863 650 $
Other Income: 913 188 $
Total Income: 2 776 838 $

Maple Leafs

5 vs 5 Forward 
   Center                   Left Wing                Right Wing               Time % Phy DF OF 
 1 Nazem Kadri              Sergei Kostitsyn         Nick Foligno             29     1   1  3  
 2 Vincent Trocheck         Shawn Weller             Mats Zuccarello          26     1   2  2  
 3 William Nylander         Tanner Pearson           Brandon Yip              25     1   2  2  
 4 Zach Dalpe               Oleg Kvasha              Riley Armstrong          20     1   2  2  

5 vs 5 Defense 
   Defense                  Defense                                           Time % Phy DF OF 
 1 Morgan Rielly            Brandon Rogers                                    34     1   2  2  
 2 Chris Phillips           Roman Josi                                        33     1   2  2  
 3 Michael Del Zotto        Tom Walsh                                         33     1   2  2  
 4 Roman Josi               Morgan Rielly                                     0      1   2  2  

PowerPlay Forward 
   Center                   Left Wing                Right Wing               Time % Phy DF OF 
 1 Vincent Trocheck         Nick Foligno             Nazem Kadri              50     1   1  3  
 2 William Nylander         Shawn Weller             Tanner Pearson           50     1   1  3  

PowerPlay Defense
   Defense                  Defense                                           Time % Phy DF OF 
 1 Morgan Rielly            Roman Josi                                        50     1   1  3  
 2 Brandon Rogers           Chris Phillips                                    50     1   1  3  

Penalty Kill 4 Players Forward 
   Center                   Wing                     Time % Phy DF OF 
 1 Vincent Trocheck         Oleg Kvasha              50     1   3  1  
 2 Nick Foligno             Tanner Pearson           50     1   3  1  

Penalty Kill 4 Players Defense
   Defense                  Defense                  Time % Phy DF OF 
 1 Morgan Rielly            Brandon Rogers           50     1   4  0  
 2 Roman Josi               Chris Phillips           50     1   4  0  

Penalty Kill - 3 Players Forward 
   Forward                                           Time % Phy DF OF 
 1 Nazem Kadri                                       50     0   4  1  
 2 Nick Foligno                                      50     0   4  1  

Penalty Kill - 3 Players Defense
   Defense                  Defense                  Time % Phy DF OF 
 1 Brandon Rogers           Morgan Rielly            50     1   3  1  
 2 Roman Josi               Chris Phillips           50     1   3  1  

4 vs 4 Forward 
   Center                   Wing                     Time % Phy DF OF 
 1 Zach Dalpe               Mats Zuccarello          50     1   2  2  
 2 William Nylander         Nick Foligno             50     1   2  2  

4 vs 4 Defense
   Defense                  Defense                  Time % Phy DF OF 
 1 Chris Phillips           Morgan Rielly            50     1   2  2  
 2 Brandon Rogers           Roman Josi               50     1   2  2  

Last Minutes Offensive
   Center                   Left Wing                Right Wing               Defense                  Defense                  
   Nazem Kadri              Shawn Weller             Nick Foligno             Chris Phillips           Brandon Rogers           

Last Minutes Defensive
   Center                   Left Wing                Right Wing               Defense                  Defense                  
   Nazem Kadri              Shawn Weller             Nick Foligno             Chris Phillips           Brandon Rogers           

Goaltenders
Starting : Robert Esche             
Backup : Corey Crawford           

Extra Forwards
Normal : Shawn Weller, Nick Foligno, Nazem Kadri - PP : Nick Foligno, Nazem Kadri - PK : Zach Dalpe
Extra Defensemen
Normal : Roman Josi, Morgan Rielly, Chris Phillips - PP : Roman Josi - PK : Chris Phillips, Roman Josi
Penalty Shots
William Nylander, Shawn Weller, Vincent Trocheck, Nick Foligno, Nazem Kadri
Custom OT Lines Forwards
Zach Dalpe, Nick Foligno, Tanner Pearson, Mats Zuccarello, Sergei Kostitsyn, Nazem Kadri, Shawn Weller, Vincent Trocheck, William Nylander, Oleg Kvasha
Custom OT Lines Defensemen
Michael Del Zotto, Morgan Rielly, Brandon Rogers, Roman Josi, Chris Phillips

Scratches
Alex Petrovic (Healthy)

Islanders

5 vs 5 Forward 
   Center                   Left Wing                Right Wing               Time % Phy DF OF 
 1 Henrik Sedin             Marian Gaborik           Scott Glennie            35     0   2  3  
 2 J.P. Dumont              Wayne Simmonds           Michael Ryder            33     0   2  3  
 3 Patrik Berglund          Andrew Ladd              Jack Skille              22     0   3  2  
 4 Tomas Fleischmann        Phillip Di Giuseppe      Janne Lahti              10     0   2  3  

5 vs 5 Defense 
   Defense                  Defense                                           Time % Phy DF OF 
 1 Daniel Tjarnqvist        Kevin Bieksa                                      35     0   2  3  
 2 Carlo Colaiacovo         Brent Aubin                                       33     0   2  3  
 3 Grant Clitsome           Mike Lundin                                       32     0   3  2  
 4 Mike Lundin              Brent Aubin                                       0      1   2  2  

PowerPlay Forward 
   Center                   Left Wing                Right Wing               Time % Phy DF OF 
 1 Henrik Sedin             Marian Gaborik           Scott Glennie            50     0   0  5  
 2 J.P. Dumont              Wayne Simmonds           Michael Ryder            50     0   0  5  

PowerPlay Defense
   Defense                  Defense                                           Time % Phy DF OF 
 1 Grant Clitsome           Kevin Bieksa                                      50     0   1  4  
 2 Brent Aubin              Mike Lundin                                       50     0   1  4  

Penalty Kill 4 Players Forward 
   Center                   Wing                     Time % Phy DF OF 
 1 Patrik Berglund          Jack Skille              50     0   5  0  
 2 Tomas Fleischmann        Andrew Ladd              50     0   5  0  

Penalty Kill 4 Players Defense
   Defense                  Defense                  Time % Phy DF OF 
 1 Carlo Colaiacovo         Brent Aubin              50     0   5  0  
 2 Kevin Bieksa             Grant Clitsome           50     0   5  0  

Penalty Kill - 3 Players Forward 
   Forward                                           Time % Phy DF OF 
 1 Patrik Berglund                                   50     0   5  0  
 2 Tomas Fleischmann                                 50     0   5  0  

Penalty Kill - 3 Players Defense
   Defense                  Defense                  Time % Phy DF OF 
 1 Brent Aubin              Carlo Colaiacovo         50     0   5  0  
 2 Kevin Bieksa             Grant Clitsome           50     0   5  0  

4 vs 4 Forward 
   Center                   Wing                     Time % Phy DF OF 
 1 Patrik Berglund          Jack Skille              50     0   2  3  
 2 Tomas Fleischmann        Andrew Ladd              50     0   2  3  

4 vs 4 Defense
   Defense                  Defense                  Time % Phy DF OF 
 1 Grant Clitsome           Mike Lundin              50     0   3  2  
 2 Daniel Tjarnqvist        Carlo Colaiacovo         50     0   3  2  

Last Minutes Offensive
   Center                   Left Wing                Right Wing               Defense                  Defense                  
   Henrik Sedin             Marian Gaborik           Michael Ryder            Kevin Bieksa             Brent Aubin              

Last Minutes Defensive
   Center                   Left Wing                Right Wing               Defense                  Defense                  
   Henrik Sedin             Marian Gaborik           Michael Ryder            Kevin Bieksa             Brent Aubin              

Goaltenders
Starting : Sergei Bobrovsky         
Backup : Garret Sparks            

Extra Forwards
Normal : Michael Ryder, Marian Gaborik, Scott Glennie - PP : J.P. Dumont, Henrik Sedin - PK : Wayne Simmonds
Extra Defensemen
Normal : Brent Aubin, Kevin Bieksa, Daniel Tjarnqvist - PP : Carlo Colaiacovo - PK : Grant Clitsome, Mike Lundin
Penalty Shots
Henrik Sedin, J.P. Dumont, Michael Ryder, Wayne Simmonds, Janne Lahti
Custom OT Lines Forwards
Henrik Sedin, Andrew Ladd, Michael Ryder, Wayne Simmonds, Janne Lahti, Brent Aubin, J.P. Dumont, Tomas Fleischmann, Patrik Berglund, Jack Skille
Custom OT Lines Defensemen
Daniel Tjarnqvist, Carlo Colaiacovo, Kevin Bieksa, Grant Clitsome, Mike Lundin

Scratches
None


% Time on Ice - Maple Leafs

Lines # - Real PCT - Wanted PCT - Time Play
Normal Forward
1 - 29% - 29% - 12:43
2 - 26% - 26% - 11:20
3 - 25% - 25% - 10:47
4 - 19% - 20% - 8:24
Normal Defense
1 - 33% - 34% - 14:12
2 - 33% - 33% - 14:08
3 - 33% - 33% - 14:22
4 - 1% - 0% - 0:32
PP Forward
1 - 53% - 50% - 2:45
2 - 47% - 50% - 2:29
PP Defense
1 - 53% - 50% - 2:45
2 - 47% - 50% - 2:29
PK Forward
1 - 47% - 50% - 4:30
2 - 53% - 50% - 5:03
PK Defense
1 - 53% - 50% - 5:02
2 - 47% - 50% - 4:31
PK3 Forward
1 - 0% - 50%
2 - 0% - 50%
PK3 Defense
1 - 0% - 50%
2 - 0% - 50%
44 Forward
1 - 61% - 50% - 1:13
2 - 39% - 50% - 0:46
44 Defense
1 - 61% - 50% - 1:13
2 - 39% - 50% - 0:46
Last Minute Offensive  - 0:00
Last Minute Defensive  - 0:00
Total
Forward - 60:00
Defense - 60:00

% Time on Ice - Islanders

Lines # - Real PCT - Wanted PCT - Time Play
Normal Forward
1 - 32% - 35% - 13:52
2 - 33% - 33% - 14:22
3 - 24% - 22% - 10:14
4 - 11% - 10% - 4:46
Normal Defense
1 - 34% - 35% - 14:40
2 - 35% - 33% - 14:58
3 - 31% - 32% - 13:21
4 - 1% - 0% - 0:15
PP Forward
1 - 54% - 50% - 5:11
2 - 46% - 50% - 4:22
PP Defense
1 - 55% - 50% - 5:15
2 - 45% - 50% - 4:18
PK Forward
1 - 58% - 50% - 3:02
2 - 42% - 50% - 2:12
PK Defense
1 - 53% - 50% - 2:45
2 - 47% - 50% - 2:29
PK3 Forward
1 - 0% - 50%
2 - 0% - 50%
PK3 Defense
1 - 0% - 50%
2 - 0% - 50%
44 Forward
1 - 45% - 50% - 0:53
2 - 55% - 50% - 1:06
44 Defense
1 - 45% - 50% - 0:53
2 - 55% - 50% - 1:06
Last Minute Offensive  - 0:00
Last Minute Defensive  - 0:00
Total
Forward - 60:00
Defense - 60:00

Play by Play

1st period


0:01 of 1st period - Nazem Kadri wins face-off versus Henrik Sedin in neutral zone.
0:42 of 1st period - Shot by Nazem Kadri.
0:42 of 1st period - Deflect By Sergei Kostitsyn.
0:42 of 1st period - Shot Misses the Net.
1:54 of 1st period - Brandon Yip is hit by Brent Aubin and loses puck.
2:22 of 1st period - Icing by Michael Del Zotto.
2:23 of 1st period - Patrik Berglund wins face-off versus Tanner Pearson in Maple Leafs zone.
2:29 of 1st period - Icing by William Nylander.
2:30 of 1st period - Patrik Berglund wins face-off versus William Nylander in Maple Leafs zone.
2:31 of 1st period - Shot by Andrew Ladd.
2:31 of 1st period - Stopped by Robert Esche without a rebound.
2:32 of 1st period - Zach Dalpe wins face-off versus Andrew Ladd in Maple Leafs zone.
2:51 of 1st period - Icing by Morgan Rielly.
2:52 of 1st period - Zach Dalpe wins face-off versus Tomas Fleischmann in Maple Leafs zone.
4:02 of 1st period - Scott Glennie is hit by Nazem Kadri and loses puck.
4:23 of 1st period - Grant Clitsome is hit by Tanner Pearson and loses puck.
4:35 of 1st period - William Nylander is hit by Grant Clitsome and loses puck.
5:27 of 1st period - Shot by Brent Aubin.
5:27 of 1st period - Shot Blocked by Morgan Rielly.
5:49 of 1st period - Icing by Brandon Rogers.
5:50 of 1st period - J.P. Dumont wins face-off versus Mats Zuccarello in Maple Leafs zone.
5:55 of 1st period - Shot by Michael Ryder.
5:55 of 1st period - Stopped by Robert Esche with a rebound.
6:01 of 1st period - Shot by J.P. Dumont.
6:01 of 1st period - Stopped by Robert Esche without a rebound.
6:02 of 1st period - Zach Dalpe wins face-off versus Tomas Fleischmann in Maple Leafs zone.
6:41 of 1st period - Shot by Janne Lahti.
6:41 of 1st period - Stopped by Robert Esche with a rebound.
6:43 of 1st period - Shot by Kevin Bieksa.
6:43 of 1st period - Shot Hit the Post.
6:53 of 1st period - Shot by Wayne Simmonds.
6:53 of 1st period - Shot Misses the Net.
7:16 of 1st period - Nick Foligno is hit by Michael Ryder and loses puck.
8:05 of 1st period - Roman Josi is hit by Michael Ryder and loses puck.
8:20 of 1st period - Icing by Nazem Kadri.
8:21 of 1st period - Nazem Kadri wins face-off versus Henrik Sedin in Maple Leafs zone.
8:38 of 1st period - Shot by Brandon Rogers.
8:38 of 1st period - Shot Blocked by Mike Lundin.
8:40 of 1st period - Shot by Vincent Trocheck.
8:40 of 1st period - Shot Blocked by Mike Lundin.
8:44 of 1st period - Shot by Shawn Weller.
8:44 of 1st period - Shot Misses the Net.
8:50 of 1st period - Shot by Mats Zuccarello.
8:50 of 1st period - Stopped by Sergei Bobrovsky without a rebound.
8:51 of 1st period - Patrik Berglund wins face-off versus William Nylander in Islanders zone.
9:25 of 1st period - Icing by Tom Walsh.
9:26 of 1st period - William Nylander wins face-off versus Henrik Sedin in Maple Leafs zone.
9:55 of 1st period - Shot by Marian Gaborik.
9:55 of 1st period - Shot Misses the Net.
10:06 of 1st period - Minor Penalty to Shawn Weller for Cross-checking.
10:07 of 1st period - J.P. Dumont wins face-off versus Oleg Kvasha in Maple Leafs zone.
10:38 of 1st period - Shot by Michael Ryder.
10:38 of 1st period - Stopped by Robert Esche without a rebound.
10:39 of 1st period - Henrik Sedin wins face-off versus Nick Foligno in Maple Leafs zone.
10:46 of 1st period - Shot by Brent Aubin.
10:46 of 1st period - Shot Misses the Net.
10:48 of 1st period - Shot by Scott Glennie.
10:48 of 1st period - Shot Misses the Net.
11:39 of 1st period - Off-side.
11:40 of 1st period - J.P. Dumont wins face-off versus Vincent Trocheck in neutral zone.
12:38 of 1st period - Shot by Nazem Kadri.
12:38 of 1st period - Shot Misses the Net.
13:10 of 1st period - Shot by Brent Aubin.
13:10 of 1st period - Shot Misses the Net.
13:12 of 1st period - Shot by Carlo Colaiacovo.
13:12 of 1st period - Shot Misses the Net.
13:14 of 1st period - Shot by Carlo Colaiacovo.
13:14 of 1st period - Stopped by Robert Esche without a rebound.
13:15 of 1st period - Vincent Trocheck wins face-off versus J.P. Dumont in Maple Leafs zone.
13:32 of 1st period - Shot by Michael Ryder.
13:32 of 1st period - Stopped by Robert Esche without a rebound.
13:33 of 1st period - Zach Dalpe wins face-off versus Henrik Sedin in Maple Leafs zone.
13:50 of 1st period - Off-side.
13:51 of 1st period - J.P. Dumont wins face-off versus Vincent Trocheck in neutral zone.
13:58 of 1st period - Shot by J.P. Dumont.
13:58 of 1st period - Stopped by Robert Esche without a rebound.
13:59 of 1st period - Vincent Trocheck wins face-off versus J.P. Dumont in Maple Leafs zone.
14:16 of 1st period - Shot by Wayne Simmonds.
14:16 of 1st period - Shot Blocked by Morgan Rielly.
14:29 of 1st period - Minor Penalty to Brandon Rogers for Interference.
14:30 of 1st period - Nick Foligno wins face-off versus Scott Glennie in Maple Leafs zone.
15:11 of 1st period - Shot by Mike Lundin.
15:11 of 1st period - Shot Misses the Net.
15:57 of 1st period - Shot by Kevin Bieksa.
15:57 of 1st period - Shot Misses the Net.
15:59 of 1st period - Shot by Michael Ryder.
15:59 of 1st period - Stopped by Robert Esche with a rebound.
16:01 of 1st period - Shot by Grant Clitsome.
16:01 of 1st period - Shot Blocked by Roman Josi.
16:03 of 1st period - Shot by Kevin Bieksa.
16:03 of 1st period - Shot Misses the Net.
16:05 of 1st period - Shot by Michael Ryder.
16:05 of 1st period - Shot Misses the Net.
16:38 of 1st period - Patrik Berglund is hit by Zach Dalpe and loses puck.
16:43 of 1st period - Shot by Zach Dalpe.
16:43 of 1st period - Stopped by Sergei Bobrovsky without a rebound.
16:44 of 1st period - Vincent Trocheck wins face-off versus Tomas Fleischmann in Islanders zone.
16:45 of 1st period - Shot by Mats Zuccarello.
16:45 of 1st period - Deflect By Shawn Weller.
16:45 of 1st period - Shot Blocked by Carlo Colaiacovo.
16:51 of 1st period - Shot by Shawn Weller.
16:51 of 1st period - Shot Misses the Net.
16:52 of 1st period - Minor Penalty to Brent Aubin for Cross-checking.
16:53 of 1st period - Jack Skille wins face-off versus William Nylander in Islanders zone.
16:53 of 1st period - Jack Skille is hit by Shawn Weller.
17:32 of 1st period - Shot by Andrew Ladd.
17:32 of 1st period - Stopped by Robert Esche with a rebound.
17:34 of 1st period - Shot by Kevin Bieksa.
17:34 of 1st period - Shot Blocked by Brandon Rogers.
18:08 of 1st period - Shot by Morgan Rielly.
18:08 of 1st period - Goal by Morgan Rielly - Maple Leafs : 1 - Islanders : 0.
18:09 of 1st period - Henrik Sedin wins face-off versus Oleg Kvasha in neutral zone.
18:25 of 1st period - Icing by Kevin Bieksa.
18:26 of 1st period - Henrik Sedin wins face-off versus Nazem Kadri in Islanders zone.
18:34 of 1st period - Marian Gaborik is hit by Morgan Rielly and loses puck.
18:38 of 1st period - Icing by Roman Josi.
18:39 of 1st period - Nazem Kadri wins face-off versus J.P. Dumont in Maple Leafs zone.
18:44 of 1st period - Wayne Simmonds is hit by Nazem Kadri and loses puck.
18:51 of 1st period - Shot by Brent Aubin.
18:51 of 1st period - Shot Blocked by Nick Foligno.
18:57 of 1st period - Shot by J.P. Dumont.
18:57 of 1st period - Stopped by Robert Esche without a rebound.
18:58 of 1st period - Henrik Sedin wins face-off versus Vincent Trocheck in Maple Leafs zone.
18:59 of 1st period - Shot by Marian Gaborik.
18:59 of 1st period - Stopped by Robert Esche without a rebound.
19:00 of 1st period - Vincent Trocheck wins face-off versus Henrik Sedin in Maple Leafs zone.
19:23 of 1st period - Shot by Henrik Sedin.
19:23 of 1st period - Stopped by Robert Esche without a rebound.
19:24 of 1st period - J.P. Dumont wins face-off versus William Nylander in Maple Leafs zone.
19:25 of 1st period - Shot by Michael Ryder.
19:25 of 1st period - Stopped by Robert Esche with a rebound.
19:27 of 1st period - Shot by Wayne Simmonds.
19:27 of 1st period - Stopped by Robert Esche without a rebound.
19:28 of 1st period - J.P. Dumont wins face-off versus William Nylander in Maple Leafs zone.
19:41 of 1st period - Shot by Tanner Pearson.
19:41 of 1st period - Deflect By William Nylander.
19:41 of 1st period - Stopped by Sergei Bobrovsky without a rebound.
19:42 of 1st period - Henrik Sedin wins face-off versus Vincent Trocheck in Islanders zone.
19:51 of 1st period - Shot by Mats Zuccarello.
19:51 of 1st period - Stopped by Sergei Bobrovsky without a rebound.
19:52 of 1st period - J.P. Dumont wins face-off versus William Nylander in Islanders zone.
Goals for this period are 1 for Maple Leafs vs 0 for Islanders.
Shots for this period are 5 for Maple Leafs vs 15 for Islanders.

2nd period


0:01 of 2nd period - Henrik Sedin wins face-off versus Vincent Trocheck in neutral zone.
0:06 of 2nd period - Vincent Trocheck is hit by Marian Gaborik and loses puck.
0:59 of 2nd period - Icing by Morgan Rielly.
1:00 of 2nd period - William Nylander wins face-off versus J.P. Dumont in Maple Leafs zone.
1:10 of 2nd period - Brandon Yip is hit by Michael Ryder and loses puck.
1:50 of 2nd period - Tom Walsh is hit by Michael Ryder and loses puck.
2:00 of 2nd period - Minor Penalty to Kevin Bieksa for Roughing.
2:00 of 2nd period - Double Minor Penalty to Nazem Kadri for Slashing.
2:01 of 2nd period - Patrik Berglund wins face-off versus Zach Dalpe in Islanders zone.
2:01 of 2nd period - Patrik Berglund is hit by Zach Dalpe.
2:09 of 2nd period - Shot by Jack Skille.
2:09 of 2nd period - Shot Misses the Net.
2:21 of 2nd period - Shot by Mats Zuccarello.
2:21 of 2nd period - Shot Blocked by Mike Lundin.
3:06 of 2nd period - Roman Josi is hit by Andrew Ladd and loses puck.
3:13 of 2nd period - Andrew Ladd is hit by Nick Foligno and loses puck.
3:45 of 2nd period - Icing by Carlo Colaiacovo.
3:46 of 2nd period - Tomas Fleischmann wins face-off versus Mats Zuccarello in Islanders zone.
4:06 of 2nd period - Icing by Michael Ryder.
4:07 of 2nd period - Vincent Trocheck wins face-off versus J.P. Dumont in Islanders zone.
4:33 of 2nd period - Shot by Kevin Bieksa.
4:33 of 2nd period - Shot Misses the Net.
4:37 of 2nd period - Shot by Grant Clitsome.
4:37 of 2nd period - Deflect By J.P. Dumont.
4:37 of 2nd period - Shot Misses the Net.
5:07 of 2nd period - Shot by Mike Lundin.
5:07 of 2nd period - Shot Misses the Net.
5:09 of 2nd period - Shot by Henrik Sedin.
5:09 of 2nd period - Stopped by Robert Esche without a rebound.
5:10 of 2nd period - Nick Foligno wins face-off versus Henrik Sedin in Maple Leafs zone.
5:10 of 2nd period - Nick Foligno is hit by Scott Glennie.
5:36 of 2nd period - Shot by Scott Glennie.
5:36 of 2nd period - Goal by Scott Glennie - Maple Leafs : 1 - Islanders : 1.
5:37 of 2nd period - Patrik Berglund wins face-off versus Vincent Trocheck in neutral zone.
6:11 of 2nd period - Minor Penalty to Patrik Berglund for Goalie Interference.
6:12 of 2nd period - Vincent Trocheck wins face-off versus Tomas Fleischmann in Islanders zone.
6:15 of 2nd period - Shot by Nick Foligno.
6:15 of 2nd period - Shot Blocked by Tomas Fleischmann.
6:17 of 2nd period - Shot by Vincent Trocheck.
6:17 of 2nd period - Shot Misses the Net.
6:21 of 2nd period - Shot by Morgan Rielly.
6:21 of 2nd period - Shot Misses the Net.
6:23 of 2nd period - Shot by Roman Josi.
6:23 of 2nd period - Shot Blocked by Brent Aubin.
6:25 of 2nd period - Shot by Roman Josi.
6:25 of 2nd period - Stopped by Sergei Bobrovsky without a rebound.
6:26 of 2nd period - Wayne Simmonds wins face-off versus William Nylander in Islanders zone.
7:36 of 2nd period - Shot by Nick Foligno.
7:36 of 2nd period - Deflect By Nazem Kadri.
7:36 of 2nd period - Shot Misses the Net.
7:38 of 2nd period - Shot by Nazem Kadri.
7:38 of 2nd period - Shot Misses the Net.
7:40 of 2nd period - Shot by Nick Foligno.
7:40 of 2nd period - Shot Misses the Net.
7:42 of 2nd period - Shot by Morgan Rielly.
7:42 of 2nd period - Shot Blocked by Grant Clitsome.
7:44 of 2nd period - Shot by Nick Foligno.
7:44 of 2nd period - Stopped by Sergei Bobrovsky without a rebound.
7:45 of 2nd period - William Nylander wins face-off versus Tomas Fleischmann in Islanders zone.
7:46 of 2nd period - Shot by Brandon Rogers.
7:46 of 2nd period - Shot Misses the Net.
7:48 of 2nd period - Shot by Tanner Pearson.
7:48 of 2nd period - Stopped by Sergei Bobrovsky with a rebound.
7:50 of 2nd period - Shot by Shawn Weller.
7:50 of 2nd period - Shot Misses the Net.
7:52 of 2nd period - Shot by Chris Phillips.
7:52 of 2nd period - Stopped by Sergei Bobrovsky without a rebound.
7:53 of 2nd period - Vincent Trocheck wins face-off versus Tomas Fleischmann in Islanders zone.
7:53 of 2nd period - Nick Foligno is hit by Kevin Bieksa and loses puck.
8:29 of 2nd period - Off-side.
8:30 of 2nd period - J.P. Dumont wins face-off versus William Nylander in neutral zone.
9:01 of 2nd period - Shot by Roman Josi.
9:01 of 2nd period - Stopped by Sergei Bobrovsky without a rebound.
9:02 of 2nd period - Nazem Kadri wins face-off versus Henrik Sedin in Islanders zone.
9:02 of 2nd period - Nazem Kadri is hit by Brent Aubin.
9:59 of 2nd period - Off-side.
10:00 of 2nd period - Vincent Trocheck wins face-off versus J.P. Dumont in neutral zone.
10:21 of 2nd period - Shot by Wayne Simmonds.
10:21 of 2nd period - Shot Misses the Net.
11:31 of 2nd period - Icing by Michael Del Zotto.
11:32 of 2nd period - Patrik Berglund wins face-off versus Zach Dalpe in Maple Leafs zone.
11:40 of 2nd period - Jack Skille is hit by Michael Del Zotto and loses puck.
12:00 of 2nd period - Andrew Ladd is hit by Michael Del Zotto and loses puck.
12:01 of 2nd period - Minor Penalty to Michael Del Zotto for High sticking.
12:02 of 2nd period - Nick Foligno wins face-off versus Henrik Sedin in Maple Leafs zone.
12:19 of 2nd period - Shot by Henrik Sedin.
12:19 of 2nd period - Shot Misses the Net.
12:21 of 2nd period - Shot by Carlo Colaiacovo.
12:21 of 2nd period - Stopped by Robert Esche without a rebound.
12:22 of 2nd period - Henrik Sedin wins face-off versus Nick Foligno in Maple Leafs zone.
12:40 of 2nd period - Henrik Sedin is hit by Chris Phillips and loses puck.
12:46 of 2nd period - Marian Gaborik is hit by Chris Phillips and loses puck.
13:15 of 2nd period - J.P. Dumont is hit by Oleg Kvasha and loses puck.
13:49 of 2nd period - Icing by Marian Gaborik.
13:50 of 2nd period - Vincent Trocheck wins face-off versus Henrik Sedin in Islanders zone.
14:01 of 2nd period - Off-side.
14:02 of 2nd period - Patrik Berglund wins face-off versus Vincent Trocheck in neutral zone.
14:18 of 2nd period - Michael Del Zotto is hit by Patrik Berglund and loses puck.
14:22 of 2nd period - Off-side.
14:23 of 2nd period - J.P. Dumont wins face-off versus Nazem Kadri in neutral zone.
14:40 of 2nd period - Shot by Nick Foligno.
14:40 of 2nd period - Shot Hit the Post.
14:52 of 2nd period - Shot by Nick Foligno.
14:52 of 2nd period - Stopped by Sergei Bobrovsky without a rebound.
14:53 of 2nd period - Patrik Berglund wins face-off versus William Nylander in Islanders zone.
14:53 of 2nd period - Patrik Berglund is hit by Brandon Yip.
15:35 of 2nd period - Shot by Jack Skille.
15:35 of 2nd period - Deflect By Andrew Ladd.
15:35 of 2nd period - Stopped by Robert Esche without a rebound.
15:36 of 2nd period - Henrik Sedin wins face-off versus Nazem Kadri in Maple Leafs zone.
15:55 of 2nd period - Henrik Sedin is hit by Nick Foligno and loses puck.
16:06 of 2nd period - Shot by Nick Foligno.
16:06 of 2nd period - Stopped by Sergei Bobrovsky without a rebound.
16:07 of 2nd period - J.P. Dumont wins face-off versus Vincent Trocheck in Islanders zone.
16:07 of 2nd period - J.P. Dumont is hit by Vincent Trocheck.
16:30 of 2nd period - Minor Penalty to Michael Del Zotto for Hooking.
16:31 of 2nd period - Henrik Sedin wins face-off versus Nick Foligno in Maple Leafs zone.
16:44 of 2nd period - Shot by Marian Gaborik.
16:44 of 2nd period - Deflect By Scott Glennie.
16:44 of 2nd period - Stopped by Robert Esche without a rebound.
16:45 of 2nd period - Vincent Trocheck wins face-off versus J.P. Dumont in Maple Leafs zone.
16:45 of 2nd period - Chris Phillips is hit by Michael Ryder and loses puck.
16:51 of 2nd period - Wayne Simmonds is hit by Chris Phillips and loses puck.
17:32 of 2nd period - Shot by Nick Foligno.
17:32 of 2nd period - Shot Misses the Net.
17:40 of 2nd period - Icing by Kevin Bieksa.
17:41 of 2nd period - J.P. Dumont wins face-off versus Vincent Trocheck in Islanders zone.
17:41 of 2nd period - Kevin Bieksa is hit by Oleg Kvasha and loses puck.
17:50 of 2nd period - Vincent Trocheck is hit by Michael Ryder and loses puck.
18:00 of 2nd period - Chris Phillips is hit by Brent Aubin and loses puck.
18:29 of 2nd period - Shot by Henrik Sedin.
18:29 of 2nd period - Deflect By Marian Gaborik.
18:29 of 2nd period - Stopped by Robert Esche without a rebound.
18:30 of 2nd period - Patrik Berglund wins face-off versus Nazem Kadri in Maple Leafs zone.
Goals for this period are 0 for Maple Leafs vs 1 for Islanders.
Shots for this period are 7 for Maple Leafs vs 6 for Islanders.

3rd period


0:01 of 3rd period - Marian Gaborik wins face-off versus Nazem Kadri in neutral zone.
0:08 of 3rd period - Shot by Scott Glennie.
0:08 of 3rd period - Shot Misses the Net.
1:13 of 3rd period - Icing by Michael Ryder.
1:14 of 3rd period - William Nylander wins face-off versus J.P. Dumont in Islanders zone.
2:41 of 3rd period - Shot by Andrew Ladd.
2:41 of 3rd period - Stopped by Robert Esche without a rebound.
2:42 of 3rd period - Henrik Sedin wins face-off versus Vincent Trocheck in Maple Leafs zone.
2:45 of 3rd period - Shot by Marian Gaborik.
2:45 of 3rd period - Shot Blocked by Chris Phillips.
2:47 of 3rd period - Shot by Marian Gaborik.
2:47 of 3rd period - Deflect By Scott Glennie.
2:47 of 3rd period - Stopped by Robert Esche without a rebound.
2:48 of 3rd period - Nazem Kadri wins face-off versus Henrik Sedin in Maple Leafs zone.
3:01 of 3rd period - Shot by Henrik Sedin.
3:01 of 3rd period - Shot Misses the Net.
3:15 of 3rd period - Shot by Nick Foligno.
3:15 of 3rd period - Shot Misses the Net.
3:58 of 3rd period - Icing by Marian Gaborik.
3:59 of 3rd period - Henrik Sedin wins face-off versus William Nylander in Islanders zone.
5:00 of 3rd period - Kevin Bieksa is hit by Shawn Weller.
5:12 of 3rd period - Shot by Andrew Ladd.
5:12 of 3rd period - Stopped by Robert Esche without a rebound.
5:13 of 3rd period - Tomas Fleischmann wins face-off versus Zach Dalpe in Maple Leafs zone.
5:16 of 3rd period - Shot by Phillip Di Giuseppe.
5:16 of 3rd period - Shot Blocked by Roman Josi.
5:18 of 3rd period - Shot by Janne Lahti.
5:18 of 3rd period - Stopped by Robert Esche without a rebound.
5:19 of 3rd period - Nazem Kadri wins face-off versus Patrik Berglund in Maple Leafs zone.
5:44 of 3rd period - Shot by Nick Foligno.
5:44 of 3rd period - Shot Misses the Net.
5:46 of 3rd period - Shot by Sergei Kostitsyn.
5:46 of 3rd period - Stopped by Sergei Bobrovsky with a rebound.
5:48 of 3rd period - Shot by Chris Phillips.
5:48 of 3rd period - Stopped by Sergei Bobrovsky without a rebound.
5:49 of 3rd period - J.P. Dumont wins face-off versus Mats Zuccarello in Islanders zone.
5:49 of 3rd period - J.P. Dumont is hit by Shawn Weller.
6:35 of 3rd period - Icing by Carlo Colaiacovo.
6:36 of 3rd period - J.P. Dumont wins face-off versus Oleg Kvasha in Islanders zone.
7:14 of 3rd period - Shot by Scott Glennie.
7:14 of 3rd period - Stopped by Robert Esche without a rebound.
7:15 of 3rd period - Patrik Berglund wins face-off versus Nazem Kadri in Maple Leafs zone.
7:20 of 3rd period - Shot by Patrik Berglund.
7:20 of 3rd period - Stopped by Robert Esche with a rebound.
7:39 of 3rd period - Icing by Grant Clitsome.
7:40 of 3rd period - Patrik Berglund wins face-off versus William Nylander in Islanders zone.
7:40 of 3rd period - Patrik Berglund is hit by Brandon Yip.
7:59 of 3rd period - Shot by Andrew Ladd.
7:59 of 3rd period - Stopped by Robert Esche without a rebound.
8:00 of 3rd period - Vincent Trocheck wins face-off versus Henrik Sedin in Maple Leafs zone.
8:41 of 3rd period - Shot by Henrik Sedin.
8:41 of 3rd period - Stopped by Robert Esche without a rebound.
8:42 of 3rd period - Michael Ryder wins face-off versus Nazem Kadri in Maple Leafs zone.
9:21 of 3rd period - Shot by Michael Ryder.
9:21 of 3rd period - Shot Misses the Net.
9:55 of 3rd period - Icing by Brandon Rogers.
9:56 of 3rd period - Nazem Kadri wins face-off versus Henrik Sedin in Maple Leafs zone.
10:29 of 3rd period - Shot by Tanner Pearson.
10:29 of 3rd period - Stopped by Sergei Bobrovsky without a rebound.
10:30 of 3rd period - Patrik Berglund wins face-off versus Zach Dalpe in Islanders zone.
10:54 of 3rd period - Andrew Ladd is hit by Tom Walsh.
11:38 of 3rd period - Shot by Daniel Tjarnqvist.
11:38 of 3rd period - Shot Misses the Net.
12:00 of 3rd period - Icing by Roman Josi.
12:01 of 3rd period - Henrik Sedin wins face-off versus William Nylander in Maple Leafs zone.
12:10 of 3rd period - Shot by Henrik Sedin.
12:10 of 3rd period - Stopped by Robert Esche without a rebound.
12:11 of 3rd period - Vincent Trocheck wins face-off versus Tomas Fleischmann in Maple Leafs zone.
12:11 of 3rd period - Shawn Weller is hit by Janne Lahti.
12:31 of 3rd period - Shot by Carlo Colaiacovo.
12:31 of 3rd period - Shot Misses the Net.
13:19 of 3rd period - Shot by Marian Gaborik.
13:19 of 3rd period - Shot Misses the Net.
13:21 of 3rd period - Shot by Grant Clitsome.
13:21 of 3rd period - Shot Misses the Net.
14:00 of 3rd period - Icing by Michael Ryder.
14:01 of 3rd period - J.P. Dumont wins face-off versus William Nylander in Islanders zone.
14:13 of 3rd period - Brandon Yip is hit by Michael Ryder and loses puck.
14:20 of 3rd period - Shot by Tanner Pearson.
14:20 of 3rd period - Stopped by Sergei Bobrovsky without a rebound.
14:21 of 3rd period - Patrik Berglund wins face-off versus Zach Dalpe in Islanders zone.
14:21 of 3rd period - Patrik Berglund is hit by Zach Dalpe.
14:35 of 3rd period - Shot by Riley Armstrong.
14:35 of 3rd period - Shot Misses the Net.
15:01 of 3rd period - Shot by Zach Dalpe.
15:01 of 3rd period - Shot Misses the Net.
15:22 of 3rd period - Shawn Weller is hit by Henrik Sedin and loses puck.
15:29 of 3rd period - Shot by Chris Phillips.
15:29 of 3rd period - Shot Misses the Net.
16:36 of 3rd period - Shot by J.P. Dumont.
16:36 of 3rd period - Stopped by Robert Esche without a rebound.
16:37 of 3rd period - Tomas Fleischmann wins face-off versus Nazem Kadri in Maple Leafs zone.
16:50 of 3rd period - Icing by Carlo Colaiacovo.
16:51 of 3rd period - Tomas Fleischmann wins face-off versus Riley Armstrong in Islanders zone.
16:58 of 3rd period - Chris Phillips is hit by Janne Lahti.
17:15 of 3rd period - Zach Dalpe is hit by Brent Aubin and loses puck.
17:45 of 3rd period - Minor Penalty to Brent Aubin for Roughing.
17:46 of 3rd period - Patrik Berglund wins face-off versus Vincent Trocheck in Islanders zone.
18:17 of 3rd period - Shot by Nick Foligno.
18:17 of 3rd period - Shot Blocked by Kevin Bieksa.
18:19 of 3rd period - Shot by Vincent Trocheck.
18:19 of 3rd period - Deflect By Nazem Kadri.
18:19 of 3rd period - Shot Misses the Net.
18:21 of 3rd period - Shot by Vincent Trocheck.
18:21 of 3rd period - Stopped by Sergei Bobrovsky without a rebound.
18:22 of 3rd period - William Nylander wins face-off versus Patrik Berglund in Islanders zone.
18:30 of 3rd period - William Nylander is hit by Grant Clitsome and loses puck.
18:55 of 3rd period - Shot by Shawn Weller.
18:55 of 3rd period - Stopped by Sergei Bobrovsky without a rebound.
18:56 of 3rd period - Patrik Berglund wins face-off versus Vincent Trocheck in Islanders zone.
19:25 of 3rd period - Shot by Nazem Kadri.
19:25 of 3rd period - Shot Misses the Net.
Goals for this period are 0 for Maple Leafs vs 0 for Islanders.
Shots for this period are 6 for Maple Leafs vs 10 for Islanders.

Overtime #1


0:01 of 1st overtime period - Henrik Sedin wins face-off versus Nick Foligno in neutral zone.
0:27 of 1st overtime period - Shot by Henrik Sedin.
0:27 of 1st overtime period - Stopped by Robert Esche without a rebound.
0:28 of 1st overtime period - Zach Dalpe wins face-off versus Michael Ryder in Maple Leafs zone.
0:39 of 1st overtime period - Shot by Tanner Pearson.
0:39 of 1st overtime period - Stopped by Sergei Bobrovsky without a rebound.
0:40 of 1st overtime period - Henrik Sedin wins face-off versus Nick Foligno in Islanders zone.
0:51 of 1st overtime period - Shot by Michael Ryder.
0:51 of 1st overtime period - Shot Blocked by Tanner Pearson.
0:53 of 1st overtime period - Shot by Henrik Sedin.
0:53 of 1st overtime period - Shot Misses the Net.
0:55 of 1st overtime period - Shot by Michael Ryder.
0:55 of 1st overtime period - Shot Blocked by Morgan Rielly.
0:57 of 1st overtime period - Shot by Michael Ryder.
0:57 of 1st overtime period - Deflect By Henrik Sedin.
0:57 of 1st overtime period - Shot Blocked by Morgan Rielly.
0:59 of 1st overtime period - Shot by Michael Ryder.
0:59 of 1st overtime period - Stopped by Robert Esche without a rebound.
1:00 of 1st overtime period - Nick Foligno wins face-off versus Henrik Sedin in Maple Leafs zone.
1:34 of 1st overtime period - Shot by Nick Foligno.
1:34 of 1st overtime period - Deflect By Zach Dalpe.
1:34 of 1st overtime period - Shot Blocked by Andrew Ladd.
1:36 of 1st overtime period - Shot by Zach Dalpe.
1:36 of 1st overtime period - Shot Blocked by Carlo Colaiacovo.
1:38 of 1st overtime period - Shot by Zach Dalpe.
1:38 of 1st overtime period - Stopped by Sergei Bobrovsky without a rebound.
1:39 of 1st overtime period - Michael Ryder wins face-off versus Mats Zuccarello in Islanders zone.
1:54 of 1st overtime period - Shot by Michael Ryder.
1:54 of 1st overtime period - Shot Misses the Net.
2:08 of 1st overtime period - Shot by Mats Zuccarello.
2:08 of 1st overtime period - Stopped by Sergei Bobrovsky without a rebound.
2:09 of 1st overtime period - Zach Dalpe wins face-off versus Henrik Sedin in Islanders zone.
2:34 of 1st overtime period - Shot by Carlo Colaiacovo.
2:34 of 1st overtime period - Stopped by Robert Esche without a rebound.
2:35 of 1st overtime period - Michael Ryder wins face-off versus Mats Zuccarello in Maple Leafs zone.
2:39 of 1st overtime period - Wayne Simmonds is hit by Morgan Rielly and loses puck.
2:43 of 1st overtime period - Wayne Simmonds is hit by Morgan Rielly and loses puck.
3:01 of 1st overtime period - Icing by Morgan Rielly.
3:02 of 1st overtime period - Mats Zuccarello wins face-off versus Henrik Sedin in Maple Leafs zone.
3:02 of 1st overtime period - Mats Zuccarello is hit by Andrew Ladd.
3:32 of 1st overtime period - Shot by Andrew Ladd.
3:32 of 1st overtime period - Shot Misses the Net.
3:34 of 1st overtime period - Shot by Carlo Colaiacovo.
3:34 of 1st overtime period - Shot Misses the Net.
3:38 of 1st overtime period - Shot by Andrew Ladd.
3:38 of 1st overtime period - Goal by Andrew Ladd - Maple Leafs : 1 - Islanders : 2.
Goals for this period are 0 for Maple Leafs vs 1 for Islanders.
Shots for this period are 3 for Maple Leafs vs 4 for Islanders.